 Dungeon Crawl Stone Soup version 0.29-a0-598-gd8304a5bf4 (webtiles) character file.

Game seed: 11272105420561834982

782 chronatog the Insei (level 7, -2/79 HPs)
             Began as a Gnoll Transmuter on June 16, 2022.
             Was an Initiate of Ashenzari.
             Splashed by a jelly's acid (5 damage)
             ... on level 6 of the Dungeon.
             The game lasted 00:31:25 (5314 turns).

chronatog the Insei (Gnoll Transmuter)              Turns: 5314, Time: 00:31:27

Health: -2/79      AC:  7    Str: 12    XL:     7   Next: 86%
Magic:  15/15      EV:  2    Int: 12    God:    Ashenzari [......]
Gold:   183        SH:  0    Dex: 12    Spells: 9/17 levels left

rFire   . . .      SeeInvis .   v - +2 spear (freeze)
rCold   . . .      Faith    .   (no shield)
rNeg    + . .      Spirit   .   (body armour currently unavailable)
rPois   +          Reflect  .   (helmet currently unavailable)
rElec   .          Harm     .   (cloak currently unavailable)
rCorr   .          Rampage  .   (gloves currently unavailable)
Will    .....      NoTele   +   (boots currently unavailable)
Stlth   ++........              (no amulet)
HPRegen 0.23/turn               m - ring of positive energy
MPRegen 0.14/turn               (no ring)

@: tree-form, corroded
A: stationary, stasis, torment immunity, boosted hp, (fangs 1), strong nose,
distributed training
a: Renounce Religion, Curse Item


You were on level 6 of the Dungeon.
You worshipped Ashenzari.
Ashenzari was noncommittal.
You were a tree.
You visited 2 branches of the dungeon, and saw 7 of its levels.

You collected 183 gold pieces.

Inventory:

Hand Weapons
 a - a +0 shortbow
 v - a +2 spear of freezing (weapon)
 y - a +4 quarterstaff of chaos
 D - a +0 hunting sling
Missiles
 e - 5 atropa-tipped darts
 f - 11 poisoned darts
 o - 239 stones
 w - 10 boomerangs (quivered)
 H - 5 javelins
Armour
 g - a +0 leather armour (melded)
 i - a +0 cloak (melded)
 k - a +1 pair of boots (melded)
 u - a +0 ring mail
 B - a +2 helmet (melded)
Magical Staves
 F - a staff of earth
Jewellery
 m - a ring of positive energy (left branch)
Wands
 C - a wand of flame (25)
Scrolls
 c - 2 scrolls of summoning {unknown}
 l - 3 scrolls of torment {unknown}
 n - a scroll of magic mapping {unknown}
 q - 2 scrolls of fog
 r - a scroll of enchant weapon {unknown}
 s - 5 scrolls of vulnerability {unknown}
 t - 2 scrolls of teleportation {unknown}
 z - a scroll of enchant armour {unknown}
 G - a scroll of immolation {unknown}
 I - a scroll of fear {unknown}
Potions
 d - a potion of curing
 h - a potion of berserk rage {unknown}
 j - a potion of brilliance {unknown}
 p - a potion of attraction {unknown}
 x - a potion of magic {unknown}
 A - a potion of haste {unknown}
 E - a potion of flight {unknown}


   Skills:
 + Level 3.8 Fighting
 + Level 2.7 Short Blades
 + Level 2.7 Long Blades
 + Level 2.7 Axes
 + Level 2.7 Maces & Flails
 + Level 2.7 Polearms
 + Level 2.7 Staves
 + Level 2.7 Slings
 + Level 2.7 Bows
 + Level 2.7 Crossbows
 + Level 2.7 Throwing
 + Level 2.7 Armour
 + Level 5.4 Dodging
 + Level 2.7 Stealth
 + Level 2.7 Shields
 + Level 7.1 Unarmed Combat
 + Level 5.7 Spellcasting
 + Level 2.2 Conjurations
 + Level 2.2 Hexes
 + Level 2.2 Summonings
 + Level 2.2 Necromancy
 + Level 2.2 Translocations
 + Level 4.4 Transmutations
 + Level 2.2 Fire Magic
 + Level 2.2 Ice Magic
 + Level 2.2 Air Magic
 + Level 2.2 Earth Magic
 + Level 2.2 Poison Magic
 + Level 3.0 Invocations
 + Level 2.7 Evocations


You had 9 spell levels left.
You knew the following spells:

 Your Spells              Type           Power      Damage    Failure   Level
a - Beastly Appendage     Tmut           28%        N/A       3%          1
b - Wereblood             Tmut           14%        N/A       4%          2
c - Blade Hands           Tmut           7%         N/A       63%         5

Your spell library contained the following spells:

 Spells                   Type           Power      Damage    Failure   Level
 Necrotize                Necr           32%        1d5       8%          1
 Sublimation of Blood     Necr           8%         N/A       11%         2
 Spider Form              Tmut/Pois      11%        N/A       14%         3
 Portal Projectile        Hex/Tloc       16%        N/A       22%         3
 Tukima's Dance           Hex            8%         N/A       22%         3
 Vampiric Draining        Necr           8%         2d6       22%         3
 Ice Form                 Ice/Tmut       11%        N/A       43%         4
 Agony                    Necr           8%         N/A       90%         5
 Summon Hydra             Summ           4%         N/A       100%        7


Dungeon Overview and Level Annotations

Branches:
Dungeon (6/15)             Temple (1/1) D:5

Altars:
Ashenzari
Cheibriados
Dithmenos
Elyvilon
Gozag
Hepliaklqana
Kikubaaqudgha
Makhleb
Nemelex Xobeh
Okawaru
Qazlal
Ru
Sif Muna
Trog
Uskayaw
Vehumet
Wu Jian
Xom
Yredelemnul
Zin
The Shining One

Annotations:
D:4 Edmund, Sigmund


Innate Abilities, Weirdness & Mutations

You are a tree.
Your roots penetrate the ground, keeping you stationary.
You cannot be teleported.
You are immune to unholy pain and torment.
Your maximum health is greatly increased.
Your equipment is partially melded.
((You have very sharp teeth.))
Your uncanny sense of smell can sniff out nearby items.
Your experience applies equally to all skills.


Message History

Here: a jelly (severely wounded)
The floor.
You turn into a tree.
Your +0 cloak melds into your body.
Your +2 helmet melds into your body.
Your +1 pair of boots melds into your body.
Your +0 leather armour melds into your body.
Your roots penetrate the ground.
The jelly hits you but does no damage.
You hit the jelly but do no damage. The acid corrodes you!
Your branches burn!
You punch the jelly, but do no damage.
The jelly is severely wounded.
The jelly hits you but does no damage.
You hit the jelly. You freeze the jelly.
Your branches burn!
The jelly is almost dead.
The jelly hits you but does no damage.
You hit the jelly but do no damage. The acid corrodes you!
Your branches burn!
You punch the jelly, but do no damage.
The jelly is almost dead.
The jelly hits you but does no damage.
You hit the jelly but do no damage.
Your branches burn!
* * * LOW HITPOINT WARNING * * *
You punch the jelly, but do no damage.
The jelly is almost dead.
The jelly hits you but does no damage.
You completely miss the jelly. You punch the jelly, but do no damage.
The jelly is almost dead.
The jelly hits you but does no damage.
You hit the jelly but do no damage.
Your branches burn!
* * * LOW HITPOINT WARNING * * *
The jelly is almost dead.
The jelly hits you.
* * * LOW HITPOINT WARNING * * *
The acid corrodes you!
You are splashed with acid!
* * * LOW HITPOINT WARNING * * *
You hit the jelly but do no damage. The acid corrodes you!
Your branches burn!
* * * LOW HITPOINT WARNING * * *
The jelly is almost dead.
The jelly hits you.
* * * LOW HITPOINT WARNING * * *
You are splashed with acid.
You die...

.[........##...........#
...........##.#.......##
...........##.........#
...........###.#####.##
..........## #..# ###
.........## ##.##
........## #..# ###
#.....### ##†#...#
##...## #♣....# #####
#J....# .......#
#.......# ........#
.........# .........#
...........


You could see a jelly.

Vanquished Creatures
  A centaur (D:6)
  3 phantoms
  A kobold brigand (D:6)
  A bullfrog (D:6)
  Crazy Yiuf (D:2)
  Terence (D:2)
  2 iguanas (D:5)
  An orc wizard (D:5)
  7 adders
  4 gnolls (D:3)
  2 ufetubi (D:5)
  2 worms
  4 dart slugs
  8 orcs
  2 endoplasms
  A giant cockroach (D:3)
  6 goblins
  6 hobgoblins
  4 jackals (D:2)
  2 quokkas
  8 ball pythons
  6 bats
  8 frilled lizards
  8 kobolds
  3 rats (D:3)
92 creatures vanquished.

Notes
Turn   | Place    | Note
-------+----------+-------------------------------------------
     0 | D:1      | chronatog the Gnoll Transmuter began the quest for the Orb.
     0 | D:1      | Reached XP level 1. HP: 17/17 MP: 6/6
   705 | D:1      | Reached XP level 2. HP: 22/23 MP: 5/7
  1408 | D:2      | Reached XP level 3. HP: 28/28 MP: 7/9
  1466 | D:2      | Reached skill level 5 in Spellcasting
  1584 | D:2      | Noticed Terence
  1601 | D:2      | Reached skill level 1 in Invocations
  1604 | D:2      | Killed Terence
  1605 | D:2      | Reached skill level 1 in Short Blades
  1605 | D:2      | Reached skill level 1 in Long Blades
  1605 | D:2      | Reached skill level 1 in Axes
  1605 | D:2      | Reached skill level 1 in Maces & Flails
  1605 | D:2      | Reached skill level 1 in Polearms
  1605 | D:2      | Reached skill level 1 in Staves
  1605 | D:2      | Reached skill level 1 in Slings
  1605 | D:2      | Reached skill level 1 in Bows
  1605 | D:2      | Reached skill level 1 in Crossbows
  1605 | D:2      | Reached skill level 1 in Throwing
  1605 | D:2      | Reached skill level 1 in Armour
  1605 | D:2      | Reached skill level 1 in Stealth
  1605 | D:2      | Reached skill level 1 in Shields
  1605 | D:2      | Reached skill level 1 in Evocations
  1605 | D:2      | Reached XP level 4. HP: 27/34 MP: 9/11
  1689 | D:2      | Found a runed translucent door.
  1690 | D:2      | Noticed Crazy Yiuf
  1937 | D:2      | Killed Crazy Yiuf
  1938 | D:2      | Reached skill level 1 in Conjurations
  1938 | D:2      | Reached skill level 1 in Hexes
  1938 | D:2      | Reached skill level 1 in Summonings
  1938 | D:2      | Reached skill level 1 in Necromancy
  1938 | D:2      | Reached skill level 1 in Translocations
  1938 | D:2      | Reached skill level 1 in Fire Magic
  1938 | D:2      | Reached skill level 1 in Ice Magic
  1938 | D:2      | Reached skill level 1 in Air Magic
  1938 | D:2      | Reached skill level 1 in Earth Magic
  1938 | D:2      | Reached skill level 1 in Poison Magic
  2321 | D:3      | Reached XP level 5. HP: 40/40 MP: 12/12
  3080 | D:3      | Learned a level 2 spell: Wereblood
  3106 | D:4      | Noticed Sigmund
  3144 | D:4      | Noticed Edmund
  3305 | D:5      | Entered Level 5 of the Dungeon
  3482 | D:5      | Noticed a phantom
  3513 | D:5      | Killed a phantom
  3514 | D:5      | Reached XP level 6. HP: 39/47 MP: 14/14
  3668 | D:5      | Reached skill level 5 in Dodging
  3804 | D:5      | Found a staircase to the Ecumenical Temple.
  4015 | Temple   | Entered the Ecumenical Temple
  4247 | Temple   | Became a worshipper of Ashenzari the Shackled
  4377 | D:5      | Reached XP level 7. HP: 52/52 MP: 15/15
  4585 | D:5      | Noticed a wyvern
  4744 | D:6      | Noticed a yak
  4744 | D:6      | Noticed a yak
  4744 | D:6      | Noticed a yak
  4813 | D:6      | Learned a level 5 spell: Blade Hands
  4910 | D:6      | Reached skill level 7 in Unarmed Combat
  5314 | D:6      | HP: 3/79 [jelly (2)]
  5314 | D:6      | Splashed by a jelly's acid

Illustrated notes

Levels and vault maps discovered:
D:1:      nicolae_arrival_somewhat_less_tricky_arrival, layout_loops_cross
D:2:      layout_basic, minmay_tetromino_l2, uniq_crazy_yiuf_cottage,
          uniq_terence
D:3:      layout_basic
D:4:      layout_loops_corners, uniq_ijyb, uniq_sigmund, uniq_edmund
D:5:      kennysheep_windowed_halls, layout_loops_ring,
          minmay_temple_entry_waves, serial_rivers,
          chequers_serial_rivers_small_3, chequers_serial_rivers_small_3,
          chequers_serial_rivers_micro_a, chequers_serial_rivers_small_a,
          chequers_serial_rivers_micro_a
D:6:      layout_cave_pods, nrook_uturn
Temple:   kilobyte_greek_temple

Skill      XL: |  1  2  3  4  5  6  7 |
---------------+----------------------+-----
Spellcasting   | 5 |  5.7
Invocations    | 1 2 3 |  3.0
Short Blades   | 1 2 |  2.7
Long Blades    | 1 2 |  2.7
Axes           | 1 2 |  2.7
Maces & Flails | 1 2 |  2.7
Polearms       | 1 2 |  2.7
Staves         | 1 2 |  2.7
Slings         | 1 2 |  2.7
Bows           | 1 2 |  2.7
Crossbows      | 1 2 |  2.7
Throwing       | 1 2 |  2.7
Armour         | 1 2 |  2.7
Stealth        | 1 2 |  2.7
Shields        | 1 2 |  2.7
Evocations     | 1 2 |  2.7
Conjurations   | 1 2 |  2.2
Hexes          | 1 2 |  2.2
Summonings     | 1 2 |  2.2
Necromancy     | 1 2 |  2.2
Translocations | 1 2 |  2.2
Fire Magic     | 1 2 |  2.2
Ice Magic      | 1 2 |  2.2
Air Magic      | 1 2 |  2.2
Earth Magic    | 1 2 |  2.2
Poison Magic   | 1 2 |  2.2
Fighting       | 3 |  3.8
Transmutations | 4 |  4.4
Dodging        | 5 |  5.4
Unarmed Combat | 7 |  7.1

Action                   |  1- 3 |  4- 6 |  7- 9 || total
-------------------------+-------+-------+-------++-------
Melee: Long sword        |     8 |       |       ||     8
       Short sword       |    39 |       |       ||    39
       Bite              |     8 |     3 |     7 ||    18
       Kick              |     6 |    15 |     2 ||    23
       Punch             |     2 |     1 |     7 ||    10
       Spear             |    29 |   152 |   101 ||   282
       Headbutt          |       |     5 |     1 ||     6
Throw: Boomerang         |       |     2 |     1 ||     3
 Cast: Beastly Appendage |    14 |    19 |     2 ||    35
       Wereblood         |       |     4 |     3 ||     7
  Use: Potion            |     2 |     1 |     1 ||     4
       Scroll            |     1 |     2 |     2 ||     5
 Stab: Sleeping          |     2 |     1 |     1 ||     4
Armor: Leather armour    |    21 |    12 |    43 ||    76
       Skin              |       |    20 |     6 ||    26
Dodge: Dodged            |    60 |    78 |    75 ||   213

Table legend: (Time is in decaauts)
 A = Elapsed time spent in this place.
 B = Non-inter-level travel time spent in this place.
 C = Inter-level travel time spent in this place.
 D = Time resting spent in this place.
 E = Time spent auto-exploring this place.
 F = Levels seen in this place.
 G = Mean time per level.
                   A        B        C        D        E       F      G
               +--------+--------+--------+--------+--------+-----+--------+
         Total |   5328 |   4889 |    439 |    999 |   2413 |   7 |  761.1 |
       Dungeon |   5055 |   4690 |    365 |    999 |   2222 |   6 |  842.5 |
        Temple |    272 |    198 |     74 |      0 |    191 |   1 |  272.0 |
               +--------+--------+--------+--------+--------+-----+--------+

Top non-repeatable levels by time:
     D:5: 1184 daAuts
     D:2: 1106 daAuts
     D:1: 1046 daAuts
     D:3: 1018 daAuts
     D:6: 557 daAuts
  Temple: 272 daAuts
     D:4: 142 daAuts
